AoeStats
← HuerquenLa

Arabia

510356724Analyzed
1v1 RM · 24h ago on Sep 30, 2026· 135m 11s· 2 players
Game mode
Random Map
Map size
Tiny (2 player)
Population
200
Speed
Normal
Resources
Standard
Victory
Conquest
Starting age
Dark Age
Ending age
Imperial Age
RankedLock teamsTeams togetherTeam positionsShared explorationLock speedFull tech treeHidden civsTurbo modeCheats
Victory
Defeat
🇦🇷 Bulgarians · Argentina
761
+17
🇲🇿 Inca · Mozambique
776
-17
HuerquenLa
1:38 Loom
11:27 Feudal Age
14:40 Double-Bit Axe
14:51 Horse Collar
25:53 Castle Age
24:35 Fletching
24:59 Padded Archer Armor
26:20 Bloodlines
26:36 Husbandry
27:07 Scale Barding Armor
27:13 Forging
28:11 Gold Mining
29:38 Squires
29:25 Arson
30:22 Wheelbarrow
29:50 Heavy Plow
30:03 Bow Saw
33:29 Iron Casting
37:13 Hand Cart
36:57 Elite Skirmisher
44:19 Imperial Age
42:48 Fervor
43:34 Chain Barding Armor
43:15 Scale Mail Armor
43:40 Ballistics
46:06 Blast Furnace
45:41 Plate Barding Armor
45:04 Murder Holes
45:20 Masonry
45:29 Siege Engineers
46:10 Crop Rotation
46:30 Town Watch
47:11 Conscription
49:01 Town Patrol
49:05 Scale Mail Armor
49:01 Bodkin Arrow
49:22 Leather Archer Armor
49:56 Stone Mining
50:41 Gold Shaft Mining
52:12 Elite Konnik
52:47 Stirrups
53:02 Bracer
53:17 Chain Mail Armor
52:59 Guard Tower
53:28 Thumb Ring
54:07 Stone Shaft Mining
56:42 Pikeman
59:55 Plate Mail Armor
61:15 Chemistry
59:48 Halberdier
67:53 Capped Ram
68:26 Heavy Scorpion
69:02 Siege Ram
69:17 Light Cavalry
77:09 Heavy Cavalry Archer
78:15 Parthian Tactics
77:36 Hussar
79:19 Onager
81:28 Gambesons
93:15 Architecture
95:39 Keep
Jubileu Khan
7:03 Loom
10:31 Feudal Age
11:10 Double-Bit Axe
11:07 Horse Collar
13:40 Wheelbarrow
15:46 Town Watch
15:58 Gold Mining
27:00 Castle Age
29:00 Hand Cart
30:22 Squires
33:19 Heavy Plow
35:18 Town Patrol
36:18 Pikeman
44:18 Andean Sling
45:54 Bow Saw
46:19 Champi Runner
48:39 Arson
49:06 Forging
48:56 Scale Mail Armor
49:22 Champi Warrior
53:17 Imperial Age
51:29 Stone Mining
52:17 Gold Shaft Mining
52:49 Stone Shaft Mining
55:25 Iron Casting
55:05 Chain Mail Armor
57:22 Elite Kamayuk
58:25 Conscription
58:44 Hoardings
63:57 Treadmill Crane
64:38 Ballistics
64:14 Murder Holes
64:30 Masonry
65:53 Blast Furnace
65:23 Plate Mail Armor
66:20 Plate Mail Armor
67:51 Crop Rotation
67:19 Fletching
67:29 Padded Archer Armor
67:49 Guard Tower
67:55 Arson
67:53 Halberdier
69:33 Fabric Shields
71:26 Elite Champi Warrior
77:47 Capped Ram
80:58 Keep
82:31 Siege Ram
95:27 Thumb Ring
100:56 Crossbowman
132:38 Elite Skirmisher
Connection lost

Rejoining the realm…

Still unreachable

The connection could not be restored.

Session expired

The server has moved on; the page needs a fresh start.